TOP OF THE 1ST |
Seattle Rainiers batting - Pitching for Surrey Sinners : RHP Luis Ramírez
|
Pitching: RHP Luis Ramírez
|
|
Batting: RHB Edward Melton
|
0-0: Called Strike 0-1: Foul Ball, location: 2F 0-2: Ball 1-2: Ball 2-2: Fly out, F9 (Flyball, 89XD)
|
Batting: RHB Alejandro Ramos
|
0-0: Foul Ball, location: 2F 0-1: Ground out 4-3 (Groundball, 4)
|
Batting: SHB Glenn Vadnais
|
0-0: Ball 1-0: SINGLE (Line Drive, 6M)
|
Batting: LHB Brian Boone
|
0-0: Called Strike 0-1: Swinging Strike 0-2: Strikes out swinging
|
Top of the 1st over - 0 run(s), 1 hit(s), 0 error(s), 1 left on base; Seattle 0 - Surrey 0 |
BOTTOM OF THE 1ST |
Surrey Sinners batting - Pitching for Seattle Rainiers : RHP Esteban Corona
|
Pitching: RHP Esteban Corona
|
|
Batting: RHB Max Alexander
|
0-0: Ground out 6-3 (Groundball, 6M)
|
Batting: LHB Brian Ford
|
0-0: Ball 1-0: Reached on error, E4 (Groundball, 4)
|
Batting: RHB Víctor Arredondo
|
0-0: Ball 1-0: Ball 2-0: Fly out, F7 (Flyball, 7LM)
|
Batting: RHB Sixto Banda
|
0-0: Ball 1-0: Foul Ball, location: 2F 1-1: Called Strike 1-2: Ground out 5-3 (Groundball, 56S)
|
Bottom of the 1st over - 0 run(s), 0 hit(s), 1 error(s), 1 left on base; Seattle 0 - Surrey 0 |
TOP OF THE 2ND |
Seattle Rainiers batting - Pitching for Surrey Sinners : RHP Luis Ramírez
|
Batting: RHB Jorge Montoya
|
0-0: Fly out, F8 (Flyball, 8LS)
|
Batting: LHB Tony Rivera
|
0-0: Ball 1-0: Ball 2-0: Foul Ball, location: 2F 2-1: Ball 3-1: Base on Balls
|
Batting: RHB Reynaldo Slomp
|
Pickoff Throw to First - Error! E1 Tony Rivera to second 0-0: Called Strike Tony Rivera is caught stealing 3rd base 0-1: Ball 1-1: Ground out 6-3 (Groundball, 6)
|
Top of the 2nd over - 0 run(s), 0 hit(s), 1 error(s), 0 left on base; Seattle 0 - Surrey 0 |
BOTTOM OF THE 2ND |
Surrey Sinners batting - Pitching for Seattle Rainiers : RHP Esteban Corona
|
Batting: RHB Augusto Trevino
|
0-0: Ball 1-0: Called Strike 1-1: Foul Ball, location: 2F 1-2: Ball 2-2: Fly out, F8 (Flyball, 89M)
|
Batting: RHB Eugene Booth
|
0-0: Ball 1-0: Ball 2-0: Called Strike 2-1: Ball 3-1: Called Strike 3-2: SINGLE (Groundball, 56)
|
Batting: RHB Ryan Parrish
|
0-0: Called Strike 0-1: Ball 1-1: Ball 2-1: SINGLE (Line Drive, 3) Eugene Booth to second
|
Batting: LHB Buddy Rice
|
0-0: Ball 1-0: Ball 2-0: Ground out 4-3 (Groundball, 4M) Eugene Booth to third Ryan Parrish to second
|
Batting: RHB Omar Tobías
|
0-0: Ball 1-0: Called Strike 1-1: Fly out, F9 (Flyball, 9M)
|
Bottom of the 2nd over - 0 run(s), 2 hit(s), 0 error(s), 2 left on base; Seattle 0 - Surrey 0 |
TOP OF THE 3RD |
Seattle Rainiers batting - Pitching for Surrey Sinners : RHP Luis Ramírez
|
Batting: RHB Juan Morales
|
0-0: Ball 1-0: Foul Ball, location: 2F 1-1: Ball 2-1: Foul Ball, location: 2F 2-2: Foul Ball, location: 2F 2-2: Foul Ball, location: 2F 2-2: Strikes out swinging
|
Batting: LHB Alan Moore
|
0-0: Called Strike 0-1: Ball 1-1: Fly out, F8 (Flyball, 6MD)
|
Batting: RHB Edward Melton
|
0-0: Ball 1-0: Foul Ball, location: 2F 1-1: Ball 2-1: Foul Ball, location: 2F 2-2: Fly out, F3 (Popup, 34)
|
Top of the 3rd over - 0 run(s), 0 hit(s), 0 error(s), 0 left on base; Seattle 0 - Surrey 0 |
BOTTOM OF THE 3RD |
Surrey Sinners batting - Pitching for Seattle Rainiers : RHP Esteban Corona
|
Batting: RHB Max Alexander
|
0-0: Ball 1-0: Foul Ball, location: 2F 1-1: Bunt missed! 1-2: Fly out, F7 (Flyball, 7D)
|
Batting: LHB Brian Ford
|
0-0: SINGLE (Line Drive, 56D)
|
Batting: RHB Víctor Arredondo
|
0-0: Called Strike Brian Ford is caught stealing 2nd base 0-1: Swinging Strike 0-2: Strikes out swinging
|
Bottom of the 3rd over - 0 run(s), 1 hit(s), 0 error(s), 0 left on base; Seattle 0 - Surrey 0 |
TOP OF THE 4TH |
Seattle Rainiers batting - Pitching for Surrey Sinners : LHP Phil Paul
|
Pitching: LHP Phil Paul
|
|
Batting: RHB Alejandro Ramos
|
0-0: Called Strike 0-1: Fly out, F7 (Flyball, 7LM)
|
Batting: SHB Glenn Vadnais
|
0-0: Ball 1-0: Foul Ball, location: 2F 1-1: Ball 2-1: Swinging Strike 2-2: Foul Ball, location: 2F 2-2: Strikes out swinging
|
Batting: LHB Brian Boone
|
0-0: Ball 1-0: Ball 2-0: SINGLE (Groundball, 34D) (infield hit)
|
Batting: RHB Jorge Montoya
|
0-0: Ball 1-0: Called Strike 1-1: Ball Brian Boone steals 2nd base 2-1: SINGLE (Line Drive, 56) Brian Boone to third Runner from 3rd tries for Home, SAFE, no throw or cutoff
|
Batting: LHB Tony Rivera
|
0-0: Called Strike 0-1: Ball 1-1: Foul Ball, location: 2F 1-2: Foul Ball, location: 2F 1-2: Ball 2-2: Ball 3-2: Base on Balls Jorge Montoya to second
|
Batting: RHB Reynaldo Slomp
|
0-0: Ball 1-0: Called Strike 1-1: Swinging Strike 1-2: Ball 2-2: Strikes out swinging
|
Top of the 4th over - 1 run(s), 2 hit(s), 0 error(s), 2 left on base; Seattle 1 - Surrey 0 |
BOTTOM OF THE 4TH |
Surrey Sinners batting - Pitching for Seattle Rainiers : RHP Esteban Corona
|
Batting: RHB Sixto Banda
|
0-0: Called Strike 0-1: Foul Ball, location: 2F 0-2: Foul Ball, location: 2F 0-2: Foul Ball, location: 2F 0-2: Ground out 5-3 (Groundball, 15S)
|
Batting: RHB Augusto Trevino
|
0-0: Called Strike 0-1: Ball 1-1: Ball 2-1: Called Strike 2-2: Strikes out swinging
|
Batting: RHB Eugene Booth
|
0-0: Swinging Strike 0-1: Ball 1-1: Swinging Strike 1-2: Ball 2-2: Strikes out swinging
|
Bottom of the 4th over - 0 run(s), 0 hit(s), 0 error(s), 0 left on base; Seattle 1 - Surrey 0 |
TOP OF THE 5TH |
Seattle Rainiers batting - Pitching for Surrey Sinners : LHP Phil Paul
|
Batting: RHB Juan Morales
|
0-0: Ball 1-0: Fly out, F5 (Line Drive, 5)
|
Batting: LHB Alan Moore
|
0-0: Called Strike 0-1: Ball 1-1: Ground out 4-3 (Groundball, 4)
|
Batting: RHB Edward Melton
|
0-0: Ball 1-0: Ball 2-0: Ball 3-0: Called Strike 3-1: Swinging Strike 3-2: Strikes out looking
|
Top of the 5th over - 0 run(s), 0 hit(s), 0 error(s), 0 left on base; Seattle 1 - Surrey 0 |
BOTTOM OF THE 5TH |
Surrey Sinners batting - Pitching for Seattle Rainiers : RHP Esteban Corona
|
Batting: RHB Ryan Parrish
|
0-0: Called Strike 0-1: SINGLE (Line Drive, 4MD)
|
Batting: LHB Buddy Rice
|
0-0: Fielders Choice at 2nd, 4-6 (Groundball, 4)
|
Batting: RHB Omar Tobías
|
0-0: Fielders Choice at 2nd, 1-4 (Groundball, 23)
|
Batting: RHB Max Alexander
|
0-0: Called Strike 0-1: Ball 1-1: Ball 2-1: SINGLE (Line Drive, 56D) Omar Tobías to second Runner from 2nd tries for 3rd, OUT!
|
Bottom of the 5th over - 0 run(s), 2 hit(s), 0 error(s), 1 left on base; Seattle 1 - Surrey 0 |
TOP OF THE 6TH |
Seattle Rainiers batting - Pitching for Surrey Sinners : LHP Phil Paul
|
Batting: RHB Alejandro Ramos
|
0-0: Ball 1-0: Called Strike 1-1: Called Strike 1-2: Strikes out swinging
|
Batting: SHB Glenn Vadnais
|
0-0: Ball 1-0: Ball 2-0: Ground out 4-3 (Groundball, 4)
|
Pitching: RHP Juan Fonseca
|
|
Batting: LHB Brian Boone
|
0-0: Ball 1-0: Ball 2-0: Called Strike 2-1: Ball 3-1: Called Strike 3-2: SINGLE (Groundball, 6MD)
|
Batting: RHB Jorge Montoya
|
0-0: Called Strike Brian Boone steals 2nd base 0-1: Swinging Strike 0-2: Strikes out swinging
|
Top of the 6th over - 0 run(s), 1 hit(s), 0 error(s), 1 left on base; Seattle 1 - Surrey 0 |
BOTTOM OF THE 6TH |
Surrey Sinners batting - Pitching for Seattle Rainiers : RHP Esteban Corona
|
Batting: LHB Brian Ford
|
0-0: Ball 1-0: Called Strike 1-1: Foul Ball, location: 2F 1-2: Ball 2-2: Foul Ball, location: 2F 2-2: Foul Ball, location: 2F 2-2: Ball 3-2: Ground out U3 (Groundball, 3S)
|
Batting: RHB Víctor Arredondo
|
0-0: Fly out, F7 (Flyball, 7S)
|
Batting: RHB Sixto Banda
|
0-0: Ball 1-0: Ball 2-0: Ground out 5-3 (Groundball, 56)
|
Bottom of the 6th over - 0 run(s), 0 hit(s), 0 error(s), 0 left on base; Seattle 1 - Surrey 0 |
TOP OF THE 7TH |
Seattle Rainiers batting - Pitching for Surrey Sinners : RHP Juan Fonseca
|
Batting: LHB Tony Rivera
|
0-0: Swinging Strike 0-1: Foul Ball, location: 2F 0-2: Ball 1-2: Ground out 5-3 (Groundball, 15S)
|
Batting: RHB Reynaldo Slomp
|
0-0: Called Strike 0-1: Fly out, F7 (Flyball, 78M)
|
Batting: RHB Juan Morales
|
0-0: Ball 1-0: Foul Ball, location: 2F 1-1: Ball 2-1: Called Strike 2-2: Strikes out swinging
|
Top of the 7th over - 0 run(s), 0 hit(s), 0 error(s), 0 left on base; Seattle 1 - Surrey 0 |
BOTTOM OF THE 7TH |
Surrey Sinners batting - Pitching for Seattle Rainiers : RHP Esteban Corona
|
Batting: RHB Augusto Trevino
|
0-0: Foul Ball, location: 2F 0-1: DOUBLE (Flyball, 89M)
|
Pinch Hitting: LHB Benny Richard
|
0-0: Ground out 4-3 (Groundball, 4M) Augusto Trevino to third
|
Batting: RHB Ryan Parrish
|
0-0: Bunted foul 0-1: Ball 1-1: DOUBLE (Line Drive, 7LM) Augusto Trevino scores
|
Batting: LHB Buddy Rice
|
0-0: Intentional Walk
|
Pinch Hitting: RHB Ben Alexander
|
0-0: Ball 1-0: Ball 2-0: Ball 3-0: Base on Balls Ryan Parrish to third Buddy Rice to second
|
Pitching: RHP Rafael López
|
|
Batting: RHB Max Alexander
|
0-0: Ball 1-0: Ball 2-0: Fielders Choice at 2nd, 6-4 (Groundball, 6) Ryan Parrish scores Buddy Rice to third
|
Batting: LHB Brian Ford
|
0-0: Ball 1-0: Swinging Strike 1-1: Ball 2-1: SINGLE (Flyball, 78S) Buddy Rice scores Max Alexander to second
|
Batting: RHB Víctor Arredondo
|
0-0: Ball 1-0: Swinging Strike 1-1: Foul Ball, location: 2F 1-2: Strikes out swinging
|
Bottom of the 7th over - 3 run(s), 3 hit(s), 0 error(s), 2 left on base; Seattle 1 - Surrey 3 |
TOP OF THE 8TH |
Seattle Rainiers batting - Pitching for Surrey Sinners : RHP Juan Fonseca
|
Now at 3B: Brett Murphy
|
|
Now at SS: Dave Anderson
|
|
Batting: LHB Alan Moore
|
0-0: SINGLE (Groundball, 4)
|
Pitching: RHP José González
|
|
Batting: RHB Edward Melton
|
0-0: Ball 1-0: Ball 2-0: Swinging Strike 2-1: Ball 3-1: Foul Ball, location: 2F 3-2: Strikes out swinging
|
Batting: RHB Alejandro Ramos
|
0-0: Called Strike 0-1: Fly out, F9 (Line Drive, 9M)
|
Batting: SHB Glenn Vadnais
|
0-0: Ball 1-0: Ball 2-0: Ball 3-0: Called Strike 3-1: Foul Ball, location: 2F 3-2: Base on Balls Alan Moore to second
|
Batting: LHB Brian Boone
|
0-0: Swinging Strike 0-1: Foul Ball, location: 2F 0-2: Foul Ball, location: 2F 0-2: SINGLE (Line Drive, 34D) Alan Moore to third Glenn Vadnais to second Runner from 3rd tries for Home, SAFE, no throw or cutoff
|
Pinch Hitting: SHB Nick Cox
|
0-0: Ball 1-0: Ball 2-0: Fielders Choice at 2nd, U4 (Groundball, 4M)
|
Top of the 8th over - 1 run(s), 2 hit(s), 0 error(s), 2 left on base; Seattle 2 - Surrey 3 |
BOTTOM OF THE 8TH |
Surrey Sinners batting - Pitching for Seattle Rainiers : RHP Rafael López
|
Now at 3B: John Hill
|
|
Batting: RHB Sixto Banda
|
0-0: Ball 1-0: Called Strike 1-1: Fly out, F8 (Flyball, 8LS)
|
Batting: RHB Augusto Trevino
|
0-0: Ball 1-0: Ball 2-0: Ball 3-0: Called Strike 3-1: Base on Balls
|
Pinch Hitting: RHB Jesús Lara
|
0-0: Ball 1-0: Called Strike Augusto Trevino steals 2nd base 1-1: Intentional Walk
|
Batting: RHB Ryan Parrish
|
0-0: Ball 1-0: Ball 2-0: Foul Ball, location: 2F 2-1: 3-RUN HOME RUN (Line Drive, 7LD), Distance : 349 ft
|
Batting: LHB Buddy Rice
|
0-0: SOLO HOME RUN (Flyball, 9LD), Distance : 358 ft
|
Pitching: RHP Lúcio Feliciano
|
|
Batting: RHB Dave Anderson
|
0-0: Ball 1-0: Swinging Strike 1-1: Swinging Strike 1-2: Ball 2-2: Reached on error, E5 (Groundball, 5L)
|
Batting: RHB Max Alexander
|
0-0: Foul Ball, location: 2F 0-1: Called Strike 0-2: Ball 1-2: Ball 2-2: Foul Ball, location: 2F 2-2: Ball 3-2: Foul Ball, location: 2F 3-2: Base on Balls
|
Batting: LHB Brian Ford
|
0-0: Swinging Strike 0-1: Called Strike 0-2: Ball 1-2: Strikes out swinging
|
Batting: RHB Víctor Arredondo
|
0-0: Foul Ball, location: 2F 0-1: Ball 1-1: Ball 2-1: Ball 3-1: Base on Balls Dave Anderson to third Max Alexander to second
|
Batting: RHB Sixto Banda
|
0-0: Ball 1-0: Ball 2-0: Ball 3-0: Base on Balls Dave Anderson scores Max Alexander to third Víctor Arredondo to second
|
Batting: RHB Augusto Trevino
|
0-0: Swinging Strike 0-1: Ball 1-1: Foul Ball, location: 2F 1-2: Ball 2-2: Hit by Pitch Max Alexander scores Víctor Arredondo to third Sixto Banda to second
|
Batting: RHB Jesús Lara
|
0-0: Ball 1-0: Ball 2-0: Ball 3-0: Called Strike 3-1: Base on Balls Víctor Arredondo scores Sixto Banda to third Augusto Trevino to second
|
Batting: RHB Ryan Parrish
|
0-0: Ball 1-0: Ball 2-0: Called Strike 2-1: Ball 3-1: Ground out 6-3 (Groundball, 6)
|
Bottom of the 8th over - 7 run(s), 2 hit(s), 1 error(s), 3 left on base; Seattle 2 - Surrey 10 |
TOP OF THE 9TH |
Seattle Rainiers batting - Pitching for Surrey Sinners : RHP José González
|
Now at C: Lorne Witcher
|
|
Now at 2B: Luis Martínez
|
|
Now at 3B: Carlos Rodríguez
|
|
Batting: LHB Tony Rivera
|
0-0: Ball 1-0: Swinging Strike 1-1: Foul Ball, location: 2F 1-2: Ball 2-2: Ball 3-2: Foul Ball, location: 2F 3-2: Strikes out looking
|
Batting: RHB Reynaldo Slomp
|
0-0: Ball 1-0: Ground out 5-3 (Groundball, 5)
|
Batting: RHB Juan Morales
|
0-0: Foul Ball, location: 2F 0-1: SINGLE (Groundball, 5D)
|
Batting: LHB Alan Moore
|
0-0: Ball 1-0: Foul Ball, location: 2F 1-1: Ball 2-1: SINGLE (Groundball, 6MD) Juan Morales to second Runner from 2nd tries for 3rd, SAFE, throw made to third
|
Batting: RHB Edward Melton
|
0-0: Called Strike 0-1: Called Strike 0-2: Ball 1-2: Fly out, F8 (Flyball, 8RM)
|
Top of the 9th over - 0 run(s), 2 hit(s), 0 error(s), 2 left on base; Seattle 2 - Surrey 10 |
|